[Event "Titled Tuesday Blitz March 28 Early 2023"]
[White "Manukyan, Sargis A."]
[Black "Zampronha, Wladimir Camilo"]
[WhiteFideId "13303970"]
[BlackFideId "2103087"]
[WhiteElo "2187"]
[BlackElo "2176"]
[Result "1-0"]
[Round "07"]
[TimeControl "180+2"]
[Date "2023.03.28"]
[WhiteClock "0:01:16"]
[BlackClock "0:00:07"]

1. d4 Nf6 2. c4 e6 3. Nc3 Bb4 4. a3 Bxc3+ 5. bxc3 O-O 6. e3 c5 7. Bd3 d6 8. Ne2 Qe7 9. O-O Nc6 10. Ng3 e5 11. d5 Na5 12. f4 e4 13. Be2 b6 14. f5 Ba6 15. Rf4 Bxc4 16. Bxc4 Nxc4 17. Qa4 Na5 18. c4 Qe5 19. Ra2 Qc3 20. Rc2 Qb3 21. Qxb3 Nxb3 22. Bb2 Ne8 23. Nxe4 f6 24. Bc3 a5 25. a4 Kf7 26. Rf1 b5 27. cxb5 c4 28. Bd4 Rc8 29. Rb1 Nc5 30. Bxc5 dxc5 31. Rxc4 Ke7 32. Rxc5 Rxc5 33. Nxc5 Kd6 34. Ne6 Rf7 35. b6 Rb7 36. Nd8 Rb8 37. Nc6 Rb7 38. Nxa5 Rb8 39. e4 Kc5 40. b7 Nd6 41. Nc6 Rxb7 42. Rxb7 Nxb7 43. a5 Nd6 44. a6 Kb6 45. a7 Kb7 46. Kf2 Nxe4+ 47. Ke3 Nc3 48. Kd4 Ne2+ 49. Kc5 Nf4 50. d6 g5 51. d7 1-0


[Site "https://www.chess.com"]

[Event "Titled Tuesday Blitz March 28 Early 2023"]
[White "Gonzalez, Francisco Silva"]
[Black "Garrido, Denis"]
[WhiteFideId "1512285"]
[BlackFideId "601217"]
[WhiteElo "2074"]
[BlackElo "2286"]
[Result "1-0"]
[Round "07"]
[TimeControl "180+2"]
[Date "2023.03.28"]
[WhiteClock "0:01:10"]
[BlackClock "0:00:24"]

1. d4 d5 2. c4 e6 3. Nc3 a6 4. cxd5 exd5 5. Qb3 Bd6 6. Nxd5 Be6 7. e4 Nc6 8. Nf3 Nce7 9. Bc4 b5 10. Nxc7+ Qxc7 11. Bxe6 fxe6 12. Qxe6 Qd7 13. Qxd7+ Kxd7 14. Bd2 Rc8 15. Rc1 Rxc1+ 16. Bxc1 Nc6 17. Bd2 Nge7 18. Ke2 Re8 19. Kd3 Bb4 20. Bc3 Ng6 21. d5 Nce5+ 22. Nxe5+ Nxe5+ 23. Bxe5 Rxe5 24. f4 Re8 25. e5 g6 26. Rc1 Ba5 27. Ke4 Rc8 28. e6+ Kd8 29. e7+ 1-0


[Site "https://www.chess.com"]

[Event "Titled Tuesday Blitz March 28 Early 2023"]
[White "Van Osch, Mees"]
[Black "Clawitter, Craig"]
[WhiteFideId "1035967"]
[BlackFideId "2023105"]
[WhiteElo "2324"]
[BlackElo "2249"]
[Result "1-0"]
[Round "07"]
[TimeControl "180+2"]
[Date "2023.03.28"]
[WhiteClock "0:01:40"]
[BlackClock "0:00:04"]

1. e4 e6 2. d4 d5 3. Nc3 Bb4 4. e5 c5 5. Bd2 Nh6 6. Nb5 Bxd2+ 7. Qxd2 O-O 8. f4 cxd4 9. Nf3 Nc6 10. Bd3 a6 11. Nbxd4 Nxd4 12. Nxd4 f6 13. O-O-O fxe5 14. fxe5 Bd7 15. h3 Rc8 16. Kb1 Qc7 17. g4 Qxe5 18. Rde1 Qf4 19. Qxf4 Rxf4 20. Nxe6 Bxe6 21. Rxe6 Nf7 22. Rhe1 Ng5 23. Re7 Rf7 24. h4 Ne4 25. Bxe4 dxe4 26. Rxf7 Kxf7 27. Rxe4 Rd8 28. Kc1 Rd5 29. c4 Rc5 30. b4 Rc6 31. Kc2 b5 32. c5 a5 33. Kc3 axb4+ 34. Kxb4 1-0


[Site "https://www.chess.com"]

[Event "Titled Tuesday Blitz March 28 Early 2023"]
[White "Lauridsen, Jesper Morch"]
[Black "Carrasco Miranda, Andres"]
[WhiteFideId "1401890"]
[BlackFideId "3405990"]
[WhiteElo "2246"]
[BlackElo "2183"]
[Result "0-1"]
[Round "07"]
[TimeControl "180+2"]
[Date "2023.03.28"]
[WhiteClock "0:00:02"]
[BlackClock "0:00:09"]

1. e4 c5 2. d4 cxd4 3. c3 dxc3 4. Nxc3 Nf6 5. e5 Ng8 6. Nf3 Nc6 7. Bc4 e6 8. Bg5 Be7 9. h4 h6 10. Bf4 a6 11. Ne4 b5 12. Bb3 f5 13. exf6 Nxf6 14. Nd6+ Kf8 15. Qc2 Qa5+ 16. Kf1 Qb4 17. Nxc8 Rxc8 18. Bd2 Qc5 19. Qg6 Qh5 20. Qd3 Qf5 21. Qxf5 exf5 22. Rc1 Ne4 23. Be3 Bf6 24. Bd4 Ke7 25. Bxf6+ Kxf6 26. h5 Ne5 27. Rxc8 Rxc8 28. Ke2 Nxf3 29. gxf3 Nc5 30. Rc1 Re8+ 31. Kd2 d6 32. Bd5 Re5 33. Ba8 f4 34. b4 Ne6 35. Rc6 Ke7 36. Rxa6 Rxh5 37. Ra7+ Kf6 38. Be4 Rh2 39. Ke1 g5 40. Rb7 Nd4 41. Rb6 Ke5 42. Bb7 g4 43. fxg4 f3 44. a3 Rh1+ 45. Kd2 Ra1 46. Ra6 Ra2+ 47. Kd3 Rxf2 48. Ra5 Ra2 49. Bxf3 Nxf3 50. Rxb5+ Kf4 51. Ra5 Rd2+ 52. Kc3 d5 53. b5 d4+ 54. Kb3 Rd1 55. b6 Rb1+ 56. Ka4 Rxb6 57. g5 hxg5 58. Rb5 Rxb5 0-1


[Site "https://www.chess.com"]

[Event "Titled Tuesday Blitz March 28 Early 2023"]
[White "Thiel, Thomas"]
[Black "Ansh M Shah"]
[WhiteFideId "4615964"]
[BlackFideId "25033379"]
[WhiteElo "2212"]
[BlackElo "2084"]
[Result "1-0"]
[Round "07"]
[TimeControl "180+2"]
[Date "2023.03.28"]
[WhiteClock "0:00:49"]
[BlackClock "0:01:40"]

1. e4 c6 2. d4 d5 3. exd5 cxd5 4. c4 Nf6 5. Nc3 Nc6 6. Bg5 dxc4 7. Bxc4 h6 8. Bxf6 exf6 9. Nge2 Bd6 10. O-O O-O 11. a3 Bf5 12. Rc1 Rc8 13. Ba2 Bb8 14. d5 Ne5 15. Nd4 Bd3 16. Re1 Bg6 17. Bb1 Bxb1 18. Rxb1 a6 19. Qh5 Rc4 20. Rbd1 Ba7 21. Nf5 Qb6 22. Rf1 Rd8 23. d6 Qc6 24. Ne7+ Kf8 25. Nxc6 Nxc6 26. Qd5 Rc5 27. Qd3 Ne5 28. Qh7 Ng6 29. Rfe1 Re5 30. Rxe5 fxe5 31. Ne4 Bd4 32. b4 b5 33. g3 Rd7 34. h4 f5 35. Qxg6 fxe4 36. Qf5+ Ke8 37. Qe6+ Kd8 38. Qg8# 1-0


[Site "https://www.chess.com"]

[Event "Titled Tuesday Blitz March 28 Early 2023"]
[White "Tagliata"]
[Black "Krzywda, Andrzej"]
[BlackFideId "1114565"]
[WhiteElo "2211"]
[BlackElo "2155"]
[Result "0-1"]
[Round "07"]
[TimeControl "180+2"]
[Date "2023.03.28"]
[WhiteClock "0:00:07"]
[BlackClock "0:00:19"]

1. e4 e5 2. Nf3 Nf6 3. Nc3 Nc6 4. Bb5 Nd4 5. Nxd4 exd4 6. Ne2 c6 7. Bd3 d5 8. e5 Nd7 9. Nxd4 Nxe5 10. Qe2 Qe7 11. O-O Nxd3 12. Qxd3 g6 13. Nf3 Bg7 14. Re1 Be6 15. Qe3 O-O 16. d4 h6 17. c3 a5 18. a4 Rae8 19. Qf4 g5 20. Qg3 Qf6 21. Ne5 Bf5 22. Bd2 Qd6 23. h4 f6 24. Nf3 Qxg3 25. fxg3 Be4 26. Kf2 Re6 27. Re3 Rfe8 28. Rae1 Bf8 29. Bc1 Bd6 30. Nd2 f5 31. Nxe4 fxe4 32. Kg1 Rf8 33. hxg5 hxg5 34. Rf1 Ref6 35. Rxf6 Rxf6 36. Bd2 Kg7 37. Be1 Kf7 38. Re2 Ke6 39. Rf2 Rf5 40. g4 Rxf2 41. Kxf2 Bf4 42. b3 b6 43. Ke2 Kd6 44. Bd2 Bxd2 45. Kxd2 c5 46. Ke3 Kc6 47. g3 b5 48. axb5+ Kxb5 49. dxc5 Kxc5 50. Kd2 d4 51. c4 a4 52. bxa4 Kxc4 53. Ke2 Kb4 0-1


[Site "https://www.chess.com"]

[Event "Titled Tuesday Blitz March 28 Early 2023"]
[White "Larina, Maria"]
[Black "BenchGM"]
[WhiteFideId "24113182"]
[WhiteElo "1848"]
[BlackElo "2368"]
[Result "1-0"]
[Round "07"]
[TimeControl "180+2"]
[Date "2023.03.28"]
[WhiteClock "0:00:06"]
[BlackClock "0:00:01"]

1. e4 e5 2. Nf3 d6 3. d4 Bg4 4. dxe5 Nd7 5. exd6 Bxd6 6. Be2 Qe7 7. Nc3 O-O-O 8. Be3 a6 9. Nd4 Bxe2 10. Qxe2 g6 11. O-O-O Ngf6 12. f3 Rhe8 13. Qf2 Ne5 14. Kb1 Nc4 15. Bg5 Be5 16. f4 Qb4 17. Nb3 Ng4 18. Qa7 Rxd1+ 19. Rxd1 Bd6 20. e5 Nge3 21. exd6 Nxd1 22. Nxd1 Qxd6 23. Nc1 Qxd1 24. a4 1-0


[Site "https://www.chess.com"]

[Event "Titled Tuesday Blitz March 28 Early 2023"]
[White "Ovezdurdyyeva, Jemal"]
[Black "Rose, Felix"]
[WhiteFideId "14001888"]
[BlackFideId "5105722"]
[WhiteElo "2043"]
[BlackElo "2039"]
[Result "1-0"]
[Round "07"]
[TimeControl "180+2"]
[Date "2023.03.28"]
[WhiteClock "0:01:01"]
[BlackClock "0:00:08"]

1. e4 c6 2. d4 d5 3. Nd2 dxe4 4. Nxe4 Nf6 5. Ng3 e5 6. Nf3 exd4 7. Nxd4 Bc5 8. Qe2+ Kd7 9. Be3 Re8 10. O-O-O Kc7 11. Nb5+ cxb5 12. Rxd8 Bxe3+ 13. fxe3 Rxd8 14. Qxb5 Nc6 15. Bd3 a6 16. Qg5 Be6 17. Qxg7 Nd5 18. Bf5 Rg8 19. Qh6 Rxg3 20. Bxe6 Rg6 21. Qxh7 Rxe6 22. Qxf7+ Kd6 23. Rd1 Ne7 24. Kb1 b5 25. b3 b4 26. Rd4 Rxe3 27. Qf4+ Kc6 28. Rc4+ Kb5 29. Qd6 Nc3+ 30. Kb2 Na4+ 31. Kc1 1-0


[Site "https://www.chess.com"]

[Event "Titled Tuesday Blitz March 28 Early 2023"]
[White "Prohorov, Olexandr"]
[Black "Davidson, Kevin"]
[WhiteFideId "14105578"]
[BlackFideId "2056810"]
[WhiteElo "1993"]
[BlackElo "2151"]
[Result "0-1"]
[Round "07"]
[TimeControl "180+2"]
[Date "2023.03.28"]
[WhiteClock "0:01:34"]
[BlackClock "0:00:05"]

1. e4 c5 2. c3 d5 3. exd5 Qxd5 4. d4 Nc6 5. Nf3 Bg4 6. Be2 cxd4 7. cxd4 e6 8. Nc3 Bb4 9. O-O Qa5 10. d5 Rd8 11. Bg5 Nf6 12. Bxf6 gxf6 13. Rc1 Bxc3 14. Rxc3 Rxd5 15. Qc1 O-O 16. h3 Bh5 17. Qh6 Qd8 18. g4 Bg6 19. h4 Ne5 20. h5 Nxg4 21. Qf4 Bxh5 22. Nh4 Rd4 23. Qg3 Kh8 24. Kh1 Rg8 25. Qh3 Qd5+ 26. Bf3 Qg5 27. Rc2 Rd2 28. Rxd2 Qxd2 29. Bxg4 Bxg4 30. Qh2 Qd5+ 31. f3 Bh5 32. Qf4 Qg5 33. Qxg5 fxg5 34. Ng2 f5 35. Ne3 g4 36. fxg4 Bxg4 37. Rc1 f4 38. Nf1 Bf3+ 39. Kh2 Rg2+ 40. Kh3 Rxb2 41. Rc7 Bg2+ 42. Kh4 Bxf1 43. Kg5 Rg2+ 44. Kf6 Rg8 45. Rxb7 f3 46. Kxe6 Bc4+ 47. Kf6 f2 48. Rxa7 f1=Q+ 49. Ke5 Qe2+ 50. Kd6 Qh2+ 51. Kc6 Qh6+ 52. Kc5 Rg5+ 53. Kb4 Qb6+ 54. Kc3 Qxa7 55. Kxc4 Qa4+ 56. Kc3 Rg3+ 57. Kb2 Qh4 58. Kb1 Qh2 59. Kc1 Rg1# 0-1


[Site "https://www.chess.com"]

[Event "Titled Tuesday Blitz March 28 Early 2023"]
[White "Kiseleva, Arina"]
[Black "Akhmetov, Ayan"]
[WhiteFideId "4164989"]
[BlackFideId "13703706"]
[WhiteElo "1756"]
[BlackElo "2398"]
[Result "0-1"]
[Round "07"]
[TimeControl "180+2"]
[Date "2023.03.28"]
[WhiteClock "0:00:12"]
[BlackClock "0:00:35"]

1. d4 e6 2. e3 b6 3. Nf3 Bb7 4. Bd3 Nf6 5. Nbd2 g6 6. e4 d6 7. O-O Bg7 8. c3 O-O 9. Qe2 Nbd7 10. a4 a6 11. h3 e5 12. Nc4 exd4 13. Nxd4 Re8 14. f3 d5 15. Nd2 Nc5 16. Bc2 dxe4 17. fxe4 Nfxe4 18. Nxe4 Bxe4 19. Bxe4 Bxd4+ 20. cxd4 Qxd4+ 21. Kh1 Nxe4 22. Qf3 f5 23. Bf4 Re7 24. Qb3+ Kg7 25. Rac1 Nc5 26. Qc2 Rae8 27. Rfd1 Qxf4 28. b4 Ne4 29. Qb2+ Qe5 30. Qb3 Ng3+ 31. Kg1 Ne2+ 0-1


[Site "https://www.chess.com"]

[Event "Titled Tuesday Blitz March 28 Early 2023"]
[White "Ciuffoletti, Paolo"]
[Black "Avazkhonov, Alikhon"]
[WhiteFideId "807630"]
[BlackFideId "14208504"]
[WhiteElo "2143"]
[BlackElo "1739"]
[Result "0-1"]
[Round "07"]
[TimeControl "180+2"]
[Date "2023.03.28"]
[WhiteClock "0:00:07"]
[BlackClock "0:01:34"]

1. e4 Nf6 2. e5 Nd5 3. c4 Nb6 4. d4 d6 5. f4 dxe5 6. fxe5 c5 7. d5 g6 8. Nf3 Bg7 9. Bf4 O-O 10. Bd3 Bg4 11. O-O e6 12. dxe6 fxe6 13. Bg3 Nc6 14. Be4 Qxd1 15. Rxd1 Nxc4 16. Rc1 Bxf3 17. Bxf3 N4xe5 18. Nc3 Nxf3+ 19. gxf3 Rxf3 20. Kg2 Raf8 21. Rab1 Bxc3 22. bxc3 b6 23. Rb2 e5 24. Re2 R3f5 25. Rd1 R8f6 26. Rd7 Re6 27. Re4 Rf7 28. Rd5 Kg7 29. h4 h5 30. Kg1 Rfe7 31. Kg2 Kf6 32. Re2 e4 33. Rg5 Na5 34. Rf2+ Kg7 35. Re2 Nc4 36. Bf4 e3 37. Kf3 Nd2+ 38. Kg2 Ne4 39. Rd5 Nxc3 0-1


[Site "https://www.chess.com"]

[Event "Titled Tuesday Blitz March 28 Early 2023"]
[White "salgadoLO"]
[Black "Novikova, Galina"]
[BlackFideId "4157095"]
[WhiteElo "2201"]
[BlackElo "1953"]
[Result "1-0"]
[Round "07"]
[TimeControl "180+2"]
[Date "2023.03.28"]
[WhiteClock "0:00:10"]
[BlackClock "0:00:26"]

1. d4 e6 2. Nf3 f5 3. g3 Nf6 4. Bg2 Be7 5. O-O d6 6. c4 O-O 7. Nc3 Qe8 8. Qc2 Nc6 9. a3 e5 10. dxe5 dxe5 11. Nd5 Bd8 12. Bg5 e4 13. Nh4 Qf7 14. Bh3 Nd4 15. Qd1 Nxd5 16. Bxd8 Rxd8 17. Qxd4 c6 18. cxd5 cxd5 19. f4 Be6 20. Rac1 Qh5 21. Rc7 Rd7 22. Rxd7 Bxd7 23. Qxd5+ Qf7 24. Qxf7+ Kxf7 25. Bxf5 Bb5 26. Bxe4 Bxe2 27. Re1 Ba6 28. Rc1 Rd8 29. Rc7+ Kf6 30. Bxb7 Rd1+ 31. Kf2 Bb5 32. b4 Rd2+ 33. Ke3 Rxh2 34. Rc5 a6 35. Bc6 Bf1 36. Nf3 Ra2 37. Rc3 Re2+ 38. Kd4 Ra2 39. Kc5 h5 40. Kb6 Kf5 41. Ne5 g5 42. Bd7+ Kf6 43. Nc4 h4 44. fxg5+ Kxg5 45. gxh4+ Kxh4 46. Bc8 Rf2 47. Bxa6 Rf6+ 48. Ka5 Rf4 49. Nd6 Rf6 50. Rc6 Bg2 51. Rb6 Rf2 52. Nb5 Ra2 53. a4 Bf1 54. Nc3 Bg2 55. Rb8 Rc2 56. Rh8+ Kg3 57. Rg8+ Kh2 58. Rxg2+ Kxg2 59. Nd5 Kf3 60. b5 Ke4 61. Nb6 Ke5 62. Bb7 Kd6 63. Bc6 Kc7 64. Nd5+ Kb8 65. Kb6 Rd2 66. a5 Ra2 67. a6 Kc8 68. a7 Kd8 69. a8=Q+ Rxa8 70. Bxa8 Kd7 71. Bc6+ Kc8 72. Kc5 Kb8 73. b6 Kc8 74. Nb4 Kb8 75. Na6+ Kc8 76. b7+ Kd8 77. b8=Q+ Ke7 78. Qd6+ 1-0


[Site "https://www.chess.com"]

[Event "Titled Tuesday Blitz March 28 Early 2023"]
[White "Fabris, Alberto"]
[Black "Karthik Sai Ch"]
[WhiteFideId "801348"]
[BlackFideId "46649484"]
[WhiteElo "2190"]
[BlackElo "2003"]
[Result "1-0"]
[Round "07"]
[TimeControl "180+2"]
[Date "2023.03.28"]
[WhiteClock "0:00:04"]
[BlackClock "0:00:32"]

1. e4 c6 2. d4 d5 3. e5 Bf5 4. Nf3 e6 5. Be2 c5 6. c3 Nc6 7. O-O cxd4 8. cxd4 Nge7 9. Nc3 a6 10. Be3 Bg4 11. h3 Bh5 12. Rc1 Nf5 13. Qd2 Bxf3 14. Bxf3 Qb6 15. Rfd1 Bb4 16. g4 Nxe3 17. fxe3 O-O 18. Rf1 Na5 19. Qh2 Nc4 20. Qe2 Bxc3 21. bxc3 Rac8 22. Qd3 Qa5 23. Rc2 b5 24. e4 Nb6 25. exd5 exd5 26. g5 Qa3 27. Bg4 Rc6 28. e6 fxe6 29. Rxf8+ Qxf8 30. Rf2 Qe7 31. h4 Nd7 32. Qf3 Rc8 33. Qe3 Nf8 34. Re2 a5 35. h5 Re8 36. Qe5 Qf7 37. h6 Qg6 38. hxg7 Qxg7 39. a3 Qxe5 40. Rxe5 Kf7 41. Kf2 Rc8 42. Re3 Rc4 43. Kg3 Ra4 44. Kh4 Rxa3 45. Rf3+ Ke7 46. Kh5 Ra1 47. Kh6 Rh1+ 48. Kg7 Nd7 49. Re3 Nf8 50. Rf3 Ng6 51. Re3 Nf4 52. Rf3 Ng2 53. Rf7+ Kd6 54. Rf6 Re1 55. Kxh7 Nh4 56. Rh6 Ng2 57. g6 Ne3 58. Bh3 Rg1 59. g7 Rxg7+ 60. Kxg7 a4 61. Rxe6+ Kc7 62. Rxe3 Kb6 63. Re2 b4 64. cxb4 Kb5 65. Be6 Kc4 66. Ra2 Kb3 67. Rxa4 Kxa4 68. Bxd5 Kxb4 69. Be4 Kc3 70. d5 Kd4 71. d6 Ke5 72. d7 Kd4 73. d8=Q+ Kxe4 74. Qe7+ Kf5 75. Qd6 Kg5 76. Qe6 Kf4 77. Kg6 Kg3 78. Kg5 Kf3 79. Qc4 Kg2 80. Kg4 Kf2 81. Qc2+ Kg1 82. Qd2 Kf1 83. Kf3 Kg1 84. Qg2# 1-0


[Site "https://www.chess.com"]

[Event "Titled Tuesday Blitz March 28 Early 2023"]
[White "Ardila, Oscar Humberto"]
[Black "Napoli, Nicolo"]
[WhiteFideId "4404742"]
[BlackFideId "813702"]
[WhiteElo "1911"]
[BlackElo "2308"]
[Result "0-1"]
[Round "07"]
[TimeControl "180+2"]
[Date "2023.03.28"]
[WhiteClock "0:00:13"]
[BlackClock "0:00:20"]

1. d4 d5 2. c4 c6 3. cxd5 cxd5 4. Nc3 Nf6 5. Nf3 Bf5 6. Bf4 e6 7. e3 Nc6 8. Be2 Bd6 9. Bxd6 Qxd6 10. O-O O-O 11. Rc1 Rac8 12. Na4 Qb4 13. a3 Qe7 14. Nc5 Ne4 15. b4 Nxc5 16. bxc5 b6 17. Bb5 Na5 18. cxb6 axb6 19. a4 Qb4 20. Ne5 Nb3 21. Rxc8 Rxc8 22. h3 Rc1 23. Qh5 Rxf1+ 24. Kxf1 Nd2+ 25. Kg1 Qb1+ 26. Kh2 Nf1+ 27. Kg1 Ng3+ 28. Kh2 Nxh5 29. g4 Nf6 30. gxf5 exf5 31. Kg3 Ne4+ 32. Kf4 Qe1 33. Nd3 Qh1 34. Kxf5 Qxh3+ 35. Ke5 Qf3 36. Nf4 Nxf2 37. Nxd5 Qe4+ 38. Kd6 Ng4 39. Ne7+ Kf8 40. Nc6 Qxe3 41. d5 Nf6 42. Kc7 Nxd5+ 43. Kb7 Ne7 44. Nd8 Qe4+ 45. Kxb6 Nd5+ 46. Kc5 Qe7+ 47. Kxd5 Qxd8+ 48. Kc6 Qb8 49. Kc5 Qa7+ 50. Kb4 h5 51. a5 h4 52. a6 g5 53. Ka5 f5 54. Kb4 Ke7 55. Ka5 Kf6 56. Kb4 Ke5 57. Ka5 Kf4 58. Kb4 h3 59. Ka5 h2 60. Kb4 Ke5 61. Ka5 Kd6 62. Kb4 Kc7 63. Ka5 Qb6+ 64. Kb4 Kb8 65. Ka4 Ka7 66. Kb4 Qxb5+ 67. Kxb5 h1=Q 68. Kc5 Qc1+ 69. Kb5 Qb2+ 0-1


[Site "https://www.chess.com"]

[Event "Titled Tuesday Blitz March 28 Early 2023"]
[White "Orujov2008"]
[Black "Kuchava, Ana"]
[BlackFideId "13605348"]
[WhiteElo "2289"]
[BlackElo "2001"]
[Result "0-1"]
[Round "07"]
[TimeControl "180+2"]
[Date "2023.03.28"]
[WhiteClock "0:00:01"]
[BlackClock "0:00:34"]

1. e4 c5 2. Nf3 d6 3. d4 cxd4 4. Nxd4 Nf6 5. Nc3 Nc6 6. Bg5 e6 7. Qd2 Qb6 8. O-O-O Qxd4 9. Qxd4 Nxd4 10. Rxd4 a6 11. f4 Be7 12. Be2 h6 13. Bxf6 gxf6 14. Bf3 Bd7 15. Rhd1 Bc6 16. Re1 h5 17. Rd3 O-O-O 18. e5 fxe5 19. fxe5 dxe5 20. Rxd8+ Kxd8 21. Bxc6 bxc6 22. Rxe5 Bd6 23. Ra5 Bxh2 24. Rxa6 Ke7 25. a4 Rg8 26. a5 Rxg2 27. Rxc6 Rg1+ 28. Kd2 Ra1 29. b4 h4 30. Rc4 Bg3 31. Ne2 Be1+ 32. Ke3 h3 33. Rf4 h2 34. Rf1 Bf2+ 35. Rxf2 h1=Q 36. Ng3 Qh6+ 0-1


[Site "https://www.chess.com"]

[Event "Titled Tuesday Blitz March 28 Early 2023"]
[White "Barria Santos, Jose Guilherme"]
[Black "Bogaudinov, Rushan"]
[WhiteFideId "1939300"]
[BlackFideId "4129288"]
[WhiteElo "2301"]
[BlackElo "1949"]
[Result "0-1"]
[Round "07"]
[TimeControl "180+2"]
[Date "2023.03.28"]
[WhiteClock "0:00:04"]
[BlackClock "0:01:15"]

1. e4 c5 2. Nf3 e6 3. d4 cxd4 4. Nxd4 a6 5. Nc3 b5 6. Bd3 Bb7 7. O-O Nc6 8. Nf3 Qc7 9. a3 Nf6 10. Bg5 Be7 11. Re1 h6 12. Bh4 d6 13. Bg3 Ne5 14. Nxe5 dxe5 15. Qe2 O-O 16. Rad1 Rfd8 17. Nb1 Rd7 18. Nd2 Rad8 19. Nf3 Bd6 20. c3 Qc5 21. Bc2 Bc7 22. Bh4 Rxd1 23. Rxd1 Rxd1+ 24. Qxd1 Bxe4 25. Bxf6 Bxc2 26. Qxc2 gxf6 27. Qe4 Qd5 28. Qg4+ Kf8 29. g3 Ke7 30. Qh5 Qd1+ 31. Kg2 e4 32. Qc5+ Bd6 33. Qa7+ Kf8 34. Nd4 e5 35. Nf5 Qf3+ 36. Kg1 Qxf5 37. Qxa6 Qd7 38. Qa8+ Ke7 39. Qxe4 Bc5 40. c4 bxc4 41. Qxc4 Qc6 42. b4 Bxf2+ 0-1


[Site "https://www.chess.com"]

[Event "Titled Tuesday Blitz March 28 Early 2023"]
[White "Schut, Han"]
[Black "Chemin, Justo Reinaldo"]
[WhiteFideId "1005561"]
[BlackFideId "2101580"]
[WhiteElo "2024"]
[BlackElo "1940"]
[Result "1-0"]
[Round "07"]
[TimeControl "180+2"]
[Date "2023.03.28"]
[WhiteClock "0:00:12"]
[BlackClock "0:00:12"]

1. e4 e6 2. d4 d5 3. e5 c5 4. c3 Qb6 5. Nf3 Bd7 6. a4 Nc6 7. Be2 c4 8. O-O Nge7 9. Ng5 h6 10. Nh3 Nf5 11. f4 O-O-O 12. g4 Nfe7 13. Nd2 f6 14. Bxc4 fxe5 15. fxe5 dxc4 16. Nxc4 Qc7 17. Nd6+ Kb8 18. Nf7 Be8 19. Nxd8 Qxd8 20. Nf4 Bd7 21. Qb3 Nd5 22. Nxd5 exd5 23. Qxd5 Bxg4 24. Qxd8+ Nxd8 25. Bf4 Ne6 26. Bg3 Be2 27. Rf2 Bc4 28. Rd1 Ng5 29. d5 Nh3+ 30. Kg2 Nxf2 31. Kxf2 Bc5+ 32. Kg2 Rd8 33. b4 1-0


[Site "https://www.chess.com"]

[Event "Titled Tuesday Blitz March 28 Early 2023"]
[White "Lohani, Sujana"]
[Black "Abrosimov, Vladimir"]
[WhiteFideId "12311987"]
[BlackFideId "4166892"]
[WhiteElo "1718"]
[BlackElo "2336"]
[Result "0-1"]
[Round "07"]
[TimeControl "180+2"]
[Date "2023.03.28"]
[WhiteClock "0:00:02"]
[BlackClock "0:01:17"]

1. d4 Nf6 2. Nf3 g6 3. c4 Bg7 4. g3 d6 5. Bg2 Nbd7 6. O-O O-O 7. Nc3 c6 8. e4 e5 9. d5 c5 10. Ne1 Ne8 11. f4 f5 12. exf5 gxf5 13. Nf3 e4 14. Ng5 Ndf6 15. Kh1 h6 16. Nh3 Nc7 17. Nf2 a6 18. Qe2 Re8 19. h3 Qd7 20. a4 Qf7 21. a5 Nh5 22. Kh2 Qg6 23. g4 Nf6 24. gxf5 Bxf5 25. Rg1 Qf7 26. Be3 Kh7 27. Ng4 Rg8 28. Nxf6+ Bxf6 29. Bf1 Rxg1 30. Bxg1 Re8 31. Na4 Bd4 32. Bg2 Qf6 33. Re1 Re7 34. h4 Qxh4+ 0-1


[Site "https://www.chess.com"]

[Event "Titled Tuesday Blitz March 28 Early 2023"]
[White "Maranhao,Jose Renato Ruiz"]
[Black "Simonovic, Miroslav"]
[WhiteFideId "2135175"]
[BlackFideId "919152"]
[WhiteElo "1970"]
[BlackElo "2042"]
[Result "0-1"]
[Round "07"]
[TimeControl "180+2"]
[Date "2023.03.28"]
[WhiteClock "0:00:03"]
[BlackClock "0:00:20"]

1. e4 c5 2. d4 cxd4 3. c3 dxc3 4. Nxc3 Nc6 5. Nf3 d6 6. Bc4 e6 7. O-O Be7 8. Qe2 Nf6 9. Rd1 Qa5 10. a3 a6 11. b4 Qh5 12. b5 axb5 13. Nxb5 O-O 14. Nxd6 Bxd6 15. Rxd6 Ne5 16. Nxe5 Qxe5 17. Bb2 Qxd6 18. e5 Qc5 19. exf6 b5 20. fxg7 Rd8 21. Bxb5 Rb8 22. a4 Qg5 23. Be5 Bb7 24. f4 Qg6 25. Bxb8 Rxb8 26. a5 Bd5 27. a6 Qxg7 28. Qe5 Rxb5 0-1


[Site "https://www.chess.com"]

[Event "Titled Tuesday Blitz March 28 Early 2023"]
[White "Nan, M K Khine Hlyan"]
[Black "Vemparala, Nikash"]
[WhiteFideId "13002899"]
[BlackFideId "30960967"]
[WhiteElo "1943"]
[BlackElo "2023"]
[Result "0-1"]
[Round "07"]
[TimeControl "180+2"]
[Date "2023.03.28"]
[WhiteClock "0:00:11"]
[BlackClock "0:00:52"]

1. e4 e5 2. Nf3 Nc6 3. Bb5 Nf6 4. O-O Nxe4 5. Re1 Nd6 6. Bxc6 dxc6 7. Nxe5 Be7 8. d4 O-O 9. c4 Be6 10. c5 Nf5 11. Nc3 Qxd4 12. Qf3 Bxc5 13. Nd3 Bb6 14. Bf4 Bd5 15. Qh3 Bc4 16. Qxf5 Bxd3 17. Ne4 Bxe4 18. Rxe4 Qxf2+ 19. Kh1 Rae8 20. Rxe8 Rxe8 21. Qd3 Re1+ 0-1


[Site "https://www.chess.com"]

[Event "Titled Tuesday Blitz March 28 Early 2023"]
[White "Semenova, Alina"]
[Black "Georg, Heinz"]
[WhiteFideId "24113875"]
[BlackFideId "4607295"]
[WhiteElo "1833"]
[BlackElo "2234"]
[Result "0-1"]
[Round "07"]
[TimeControl "180+2"]
[Date "2023.03.28"]
[WhiteClock "0:01:18"]
[BlackClock "0:00:44"]

1. e4 e5 2. Nf3 Nc6 3. c3 d5 4. Qa4 f6 5. Bb5 Ne7 6. exd5 Qxd5 7. O-O a6 8. Bc4 Qd6 9. d4 Bd7 10. Qd1 Bg4 11. dxe5 Qxd1 12. Rxd1 Nxe5 13. Nxe5 fxe5 14. Re1 Nc6 15. f4 O-O-O 16. h3 Bc5+ 17. Kh1 Rd1 18. Rxd1 Bxd1 19. Be6+ Kb8 20. fxe5 Re8 21. Bd7 Rxe5 22. Bxc6 Re1+ 23. Kh2 Bd6+ 24. g3 Re2+ 25. Bg2 Rf2 26. Be3 Re2 27. Bf4 Bxf4 28. gxf4 Rf2 29. Na3 Bf3 30. Rh1 Rxg2# 0-1


[Site "https://www.chess.com"]

[Event "Titled Tuesday Blitz March 28 Early 2023"]
[White "Sabar, Ethmane Daouda"]
[Black "Prado, Alexandra"]
[WhiteFideId "19600097"]
[BlackFideId "3301346"]
[WhiteElo "1950"]
[BlackElo "1759"]
[Result "1-0"]
[Round "07"]
[TimeControl "180+2"]
[Date "2023.03.28"]
[WhiteClock "0:00:55"]
[BlackClock "0:00:03"]

1. b3 e5 2. Bb2 Nc6 3. e3 d5 4. Bb5 Bd6 5. f4 Qe7 6. Nf3 f6 7. Nc3 Be6 8. fxe5 fxe5 9. e4 Nf6 10. exd5 Nxd5 11. O-O O-O-O 12. Bxc6 bxc6 13. Qe2 Nb6 14. Qa6+ Kb8 15. Na4 Bc8 16. Qa5 Bb4 17. Qxe5 Qxe5 18. Bxe5 Rhe8 19. Nc3 g5 20. Rfe1 g4 21. Nd4 Kb7 22. a3 Bxc3 23. dxc3 Nd5 24. c4 1-0


[Site "https://www.chess.com"]

[Event "Titled Tuesday Blitz March 28 Early 2023"]
[White "Necula, Iulian"]
[Black "Ramirez, Maria Eugenia"]
[WhiteFideId "1232380"]
[BlackFideId "3301680"]
[WhiteElo "1790"]
[BlackElo "1842"]
[Result "0-1"]
[Round "07"]
[TimeControl "180+2"]
[Date "2023.03.28"]
[WhiteClock "0:00:07"]
[BlackClock "0:00:24"]

1. d4 Nf6 2. Nc3 e6 3. Bf4 c5 4. e3 Nc6 5. Nf3 d5 6. Bb5 Bd6 7. Ne5 Bxe5 8. dxe5 Nd7 9. Bxc6 bxc6 10. h4 Qc7 11. Qg4 Kf8 12. Qg3 Ba6 13. f3 Rb8 14. Rb1 Qa5 15. Kf2 d4 16. exd4 cxd4 17. Ne4 Qb6 18. Nd6 d3+ 19. Be3 Qa5 20. c3 Qxe5 21. Qxe5 Nxe5 22. Rhd1 Ke7 23. Bc5 Kd7 24. Ba3 f5 25. g3 h6 26. h5 g5 27. hxg6 Nxg6 28. Ke3 h5 29. c4 Ne5 30. b3 Rbg8 31. Rg1 Rh7 32. f4 Ng4+ 33. Kxd3 h4 34. gxh4 Rxh4 35. Rge1 Rh3+ 36. Kc2 Rh2+ 37. Kc3 Nf2 38. Re3 Rgg2 39. Kb4 Ng4 40. Bc1 Nxe3 41. Bxe3 Kxd6 42. c5+ Kc7 43. Ka5 Bb5 44. Kb4 Rxa2 45. Rd1 a5+ 46. Kc3 Rhc2+ 47. Kd4 Rab2 48. Ke5 Rxb3 49. Bg1 Re2+ 50. Kf6 Rd3 51. Rc1 a4 52. Ra1 a3 53. Ke7 a2 54. Kf6 Rb3 55. Bd4 Rb1 56. Ke7 Rxa1 57. Bxa1 Re1 0-1


[Site "https://www.chess.com"]